AoeStats
← VitoPedroPiranha

Oasis

510153159Analyzed
2v2 RM · 3d ago on Sep 29, 2026· 78m 17s· 4 players
Game mode
Random Map
Map size
Medium (4 player)
Population
200
Speed
Normal
Resources
Standard
Victory
Conquest
Starting age
Dark Age
Ending age
Imperial Age
RankedLock teamsTeams togetherTeam positionsShared explorationLock speedFull tech treeHidden civsTurbo modeCheats
Victory
Defeat
🇷🇺 Italians · Russia
1095
+12
🇷🇺 Berbers · Russia
920
+19
🇺🇾 Romans · Uruguay
1006
-16
🇺🇾 Magyars · Uruguay
995
-15
VitoPedroPiranha
0:28 Loom
12:39 Feudal Age
13:06 Double-Bit Axe
22:22 Castle Age
20:24 Man-at-Arms
21:07 Scale Mail Armor
21:17 Forging
21:01 Fletching
21:13 Padded Archer Armor
21:40 Gold Mining
22:39 Scale Barding Armor
23:35 Bodkin Arrow
23:44 Squires
24:59 Leather Archer Armor
25:01 Bloodlines
24:52 Husbandry
27:37 Wheelbarrow
28:31 Chain Mail Armor
27:40 Long Swordsman
30:31 Iron Casting
29:28 Elite Skirmisher
32:03 Light Cavalry
47:09 Hand Cart
50:07 Imperial Age
50:15 Murder Holes
50:21 Legionary
52:05 Blast Furnace
52:10 Conscription
51:30 Capped Ram
56:38 Chemistry
62:22 Pikeman
62:42 Pikeman
63:57 Heavy Scorpion
66:22 Halberdier
elgs
5:13 Loom
9:58 Feudal Age
11:22 Double-Bit Axe
12:36 Horse Collar
13:32 Town Watch
17:31 Scale Barding Armor
20:43 Castle Age
19:24 Gold Mining
19:29 Stone Mining
20:13 Bloodlines
23:15 Bow Saw
25:39 Chain Barding Armor
27:20 Husbandry
30:22 Corvinian Army
32:57 Wheelbarrow
33:30 Ballistics
33:03 Fletching
33:13 Padded Archer Armor
36:21 Imperial Age
34:30 Masonry
35:40 Bodkin Arrow
36:01 Leather Archer Armor
36:18 Thumb Ring
39:47 Plate Barding Armor
41:13 Ring Archer Armor
40:43 Bracer
41:42 Parthian Tactics
40:38 Heavy Cavalry Archer
41:30 Siege Engineers
42:27 Chemistry
42:09 Conscription
41:41 Elite Magyar Huszar
42:58 Conscription
43:15 Hoardings
46:48 Recurve Bow
47:24 Hoardings
48:44 Hand Cart
48:30 Town Patrol
59:20 Caravan
shamix709
3:02 Loom
11:48 Feudal Age
12:17 Double-Bit Axe
12:23 Gold Mining
13:43 Horse Collar
20:37 Castle Age
19:05 Stone Mining
22:03 Wheelbarrow
22:20 Stone Shaft Mining
21:58 Bow Saw
21:50 Heavy Plow
25:21 Hand Cart
26:35 Fletching
26:49 Caravan
27:29 Bodkin Arrow
29:20 Silk Road
33:37 Fortified Wall
33:08 Treadmill Crane
33:39 Masonry
35:20 Ballistics
37:41 Imperial Age
36:11 Forging
38:30 Bracer
39:22 Conscription
38:23 Elite Genoese Crossbowman
39:38 Hoardings
40:09 Chemistry
39:39 Architecture
38:56 Arrowslits
40:19 Two-Man Saw
43:41 Coinage
45:35 Banking
45:21 Guilds
47:32 Pirotechnia
48:31 Iron Casting
48:04 Scale Barding Armor
48:00 Scale Mail Armor
48:22 Guard Tower
48:44 Padded Archer Armor
50:07 Leather Archer Armor
54:04 Thumb Ring
57:56 Bombard Tower
58:17 Ring Archer Armor
70:09 Keep
69:34 Cavalier
73:35 Blast Furnace
72:41 Scale Barding Armor
73:21 Bloodlines
73:12 Husbandry
75:54 Chain Barding Armor
Sparxxx.
4:25 Loom
12:01 Feudal Age
18:20 Castle Age
17:34 Double-Bit Axe
17:30 Horse Collar
19:04 Padded Archer Armor
18:54 Fletching
20:49 Wheelbarrow
21:01 Heavy Plow
21:15 Bow Saw
22:12 Squires
22:17 Pikeman
24:01 Hand Cart
27:21 Leather Archer Armor
27:01 Bodkin Arrow
27:17 Stone Mining
27:22 Gold Mining
28:27 Town Watch
28:55 Husbandry
29:05 Bloodlines
28:16 Light Cavalry
29:26 Ballistics
29:20 Masonry
32:58 Stone Shaft Mining
33:00 Gold Shaft Mining
32:22 Treadmill Crane
36:17 Imperial Age
34:36 Fortified Wall
34:22 Murder Holes
34:42 Kasbah
35:07 Town Patrol
34:30 Light Cavalry
34:33 Elite Skirmisher
34:34 Crossbowman
35:01 Arson
36:30 Thumb Ring
38:12 Conscription
37:31 Hussar
38:01 Elite Camel Archer
38:24 Cavalier
39:27 Forging
39:17 Scale Mail Armor
43:49 Scale Barding Armor
44:00 Chain Mail Armor
44:20 Iron Casting
44:00 Chain Mail Armor
49:55 Chain Barding Armor
50:49 Crop Rotation
51:11 Ring Archer Armor
52:53 Chemistry
52:57 Coinage
52:28 Caravan
52:39 Guilds
54:01 Maghrebi Camels
55:34 Elite Genitour
58:03 Arrowslits
59:35 Plate Barding Armor
59:30 Plate Mail Armor
59:35 Iron Casting
64:05 Blast Furnace
63:05 Bracer
Connection lost

Rejoining the realm…

Still unreachable

The connection could not be restored.

Session expired

The server has moved on; the page needs a fresh start.